 Dungeon Crawl Stone Soup version 0.28.0-49-g6dfe1f597d (webtiles) character file.

Game seed: 11060722472817592199

23289 mortz the Eclecticist (level 12, -15/54 HPs)
             Began as a Spriggan Conjurer on May 12, 2022.
             Was an Initiate of Gozag.
             Killed by an exploding Gastronok (38 damage)
             ... ignited by their inner flame
             ... on level 3 of the Lair of Beasts.
             The game lasted 02:11:41 (20806 turns).

mortz the Eclecticist (Spriggan Conjurer)          Turns: 20806, Time: 02:11:41

Health: -15/54     AC: 10    Str: 15    XL:     12   Next: 70%
Magic:  14/32      EV: 20    Int: 25    God:    Gozag
Gold:   1796       SH:  0    Dex: 16    Spells: 13/41 levels left

rFire   . . .      SeeInvis +   z - +2 quarterstaff "Fuoshrecad" {spect, rPois Stlth+, staff}
rCold   . . .      Faith    .   (shield currently unavailable)
rNeg    . . .      Spirit   .   U - +1 robe of the End {rCorr Str+4 Int+2 Dex+3}
rPois   +          Reflect  .   (helmet restricted)
rElec   .          Harm     .   a - +2 cloak
rCorr   +          Rampage  .   (gloves unavailable)
Will    ++...                   (boots unavailable)
Stlth   ++++......              T - amulet of magic regeneration {@e2}
HPRegen 0.18/turn               G - +6 ring of strength
MPRegen 0.63/turn               h - +4 ring of protection

@: gold aura, very quick
A: very small, no large weapons, unfitting armour, see invisible, speed 3
a: Renounce Religion, Potion Petition, Call Merchant, Bribe Branch


You were on level 3 of the Lair of Beasts.
You worshipped Gozag.
Gozag was most pleased with you.
You visited 3 branches of the dungeon, and saw 15 of its levels.

You collected 2669 gold pieces.
You spent 684 gold pieces at shops.
You paid 189 gold pieces to Gozag.


Innate Abilities, Weirdness & Mutations

You are very small and have problems with some larger weapons.
You are too small for most types of armour.
You have supernaturally acute eyesight. (SInv)
You cover ground extremely quickly. (Speed+++)


   Skills:
 + Level 1.8 Fighting
 + Level 6.3 Dodging
 + Level 5.6 Stealth
 + Level 15.2 Spellcasting
 + Level 10.1 Conjurations
 + Level 4.2 Hexes
 + Level 13.0 Translocations
 + Level 1.6 Fire Magic
 * Level 0.6 Air Magic
 * Level 3.0 Poison Magic


You had 13 spell levels left.
You knew the following spells:

 Your Spells              Type           Power      Damage    Failure   Level
a - Magic Dart            Conj           100%       1d8       1%          1
b - Searing Ray           Conj           100%       2d8       1%          2
c - Iskenderun's Mystic   Conj/Tloc      67%        2d14      1%          4
d - Apportation           Tloc           100%       N/A       0%          1
e - Conjure Flame         Conj/Fire      48%        6-21      1%          3
f - Sticky Flame          Conj/Fire      48%        2d7       2%          4
g - Ignite Poison         Fire/Tmut/Pois 27%        N/A       4%          3
h - Fulminant Prism       Conj/Hex       26%        3d14      1%          4
i - Mephitic Cloud        Conj/Pois/Air  42%        N/A       1%          3
j - Inner Flame           Hex/Fire       33%        N/A       2%          3

Your spell library contained the following spells:

 Spells                   Type           Power      Damage    Failure   Level
 Static Discharge         Conj/Air       46%        N/A       1%          2
 Confusing Touch          Hex            40%        N/A       1%          3
 Dazzling Flash           Conj/Hex       100%       N/A       1%          3
 Animate Skeleton         Necr           38%        N/A       3%          1
 Beastly Appendage        Tmut           38%        N/A       3%          1
 Pain                     Necr           76%        1d7       3%          1
 Summon Small Mammal      Summ           76%        N/A       3%          1
 Corpse Rot               Necr/Air       40%        N/A       3%          2
 Call Imp                 Summ           19%        N/A       4%          2
 Sublimation of Blood     Necr           19%        N/A       4%          2
 Wereblood                Tmut           19%        N/A       4%          2
 Spider Form              Tmut/Pois      26%        N/A       4%          3
 Cause Fear               Hex            20%        N/A       4%          4
 Lightning Bolt           Conj/Air       23%        1d38      9%          5
 Airstrike                Air            11%        N/A       22%         4
 Summon Lightning Spire   Summ/Air       20%        N/A       26%         4
 Dispel Undead            Necr           19%        3d11      28%         4
 Yara's Violent Unravell  Hex/Tmut       14%        3d7       32%         5
 Starburst                Conj/Fire      24%        6d8       36%         6
 Alistair's Intoxication  Tmut/Pois      17%        N/A       38%         5
 Agony                    Necr           19%        N/A       63%         5
 Excruciating Wounds      Necr           9%         N/A       63%         5
 Death Channel            Necr           9%         N/A       99%         6
 Enfeeble                 Hex            20%        N/A       99%         7
 Summon Hydra             Summ           9%         N/A       100%        7
 Discord                  Hex            20%        N/A       100%        8

Inventory:

Hand Weapons
 i - a +0 short sword of holy wrath {short}
   (You found it on level 2 of the Dungeon)
 v - a +2 short sword {short}
   (You took it off a wight on level 4 of the Dungeon)
 z - the +2 quarterstaff "Fuoshrecad" (weapon) {spect, rPois Stlth+, staff}
   (You found it on level 4 of the Dungeon)

   When its wielder attacks, the weapon's spirit leaps out and strikes again.
   The spirit shares a part of any damage it takes with its wielder.
   rPois:     It protects you from poison.
   Stlth:     It makes you more stealthy.
 I - a +3 short sword of draining {short}
   (You took it off an orc priest on level 6 of the Dungeon)
 W - a +1 short sword of venom {short}
   (You took it off an orc on level 10 of the Dungeon)
Armour
 a - a +2 cloak (worn)
   (You found it on level 4 of the Dungeon)
 c - the +3 robe of Minor Irritation {*Corrode rElec Str+4 Dex+5}
   (You found it on level 1 of the Lair of Beasts)

   Str:       It affects your strength (+4).
   Dex:       It affects your dexterity (+5).
   rElec:     It insulates you from electricity.
   *Corrode:  It may corrode you when you take damage.
 Q - a +0 troll leather armour
   (You found it on level 9 of the Dungeon)
 U - the +1 robe of the End (worn) {rCorr Str+4 Int+2 Dex+3}
   (You found it on level 9 of the Dungeon)

   Str:       It affects your strength (+4).
   Int:       It affects your intelligence (+2).
   Dex:       It affects your dexterity (+3).
   rCorr:     It protects you from acid and corrosion.
 X - a +2 robe of willpower
   (You took it off Psyche on level 11 of the Dungeon)
Jewellery
 h - a +4 ring of protection (right hand)
   (You bought it in a shop on level 4 of the Dungeon)
 n - an amulet of regeneration {@e2}
   (You found it on level 2 of the Dungeon)
 r - a ring of poison resistance
   (You took it off a hobgoblin on level 3 of the Dungeon)
 G - a +6 ring of strength (left hand)
   (You found it on level 5 of the Dungeon)
 M - a ring of resist corrosion
   (You found it on level 7 of the Dungeon)
 T - an amulet of magic regeneration (around neck) {@e2}
   (You found it on level 9 of the Dungeon)
Wands
 B - a wand of digging (13)
   (You found it on level 5 of the Dungeon)
 N - a wand of iceblast (12)
   (You found it on level 7 of the Dungeon)
 V - a wand of flame (12)
   (You took it off an orc warrior on level 9 of the Dungeon)
Scrolls
 e - a scroll of torment {unknown}
 m - 3 scrolls of teleportation {@r4}
 o - a scroll of holy word {unknown}
 q - a scroll of immolation {!r!r}
 w - a scroll of blinking {unknown}
 A - 2 scrolls of summoning {unknown}
 C - a scroll of fear
 E - a scroll of fog
 F - a scroll of magic mapping {!r}
 H - a scroll of silence {unknown}
 J - 2 scrolls of enchant weapon
 R - 2 scrolls of vulnerability {unknown}
Potions
 b - a potion of might
 d - 2 potions of heal wounds {@q2}
 f - 2 potions of invisibility
 j - 8 potions of curing {@q1}
 p - a potion of berserk rage {!q}
 t - 2 potions of haste {@q3}
 u - 2 potions of magic
 D - 3 potions of resistance
 O - a potion of attraction {!q}
 Y - a potion of flight {unknown}
 Z - 2 potions of brilliance

Dungeon Overview and Level Annotations

Branches:
Dungeon (11/15)            Temple (1/1) D:4            Lair (3/6) D:11
 Shoals (0/4) Lair:3        Snake (0/4) Lair:3          Orc (0/2) D:10

Altars:
Ashenzari
Cheibriados
Dithmenos
Elyvilon
Fedhas
Gozag
Hepliaklqana
Kikubaaqudgha
Makhleb
Nemelex Xobeh
Okawaru
Qazlal
Ru
Sif Muna
Trog
Uskayaw
Vehumet
Wu Jian
Xom
Yredelemnul
Zin
The Shining One

Shops:
D:4 =   D:6 :

Annotations:
D:9 Erolcha
D:10 exclusions: downstairs and statue

### #.########
#..P##P..#####
##....<.......
#...##.#####.. ## ##..#### #
.## ####...# ### .#
..#####P.##.$####P# #.##
..P........$....@.##P.P#
..PP####..).....§§....#
...### #.##.####§§.##.##
.....###.....##○§§..$..#####
.........##..###$...#)..#..#
.....P.####................
...##### #.....$......$#.#
...# ### #..#.#.P.P##.#..#
..####.# #######.P.#P.#..#


There were no monsters in sight!


Message History

Aiming: Searing Ray (safe; 1% risk of failure)
Press: ? - help, Shift-Dir - straight line, f - Gastronok
Aim: Gastronok, wearing a +2 hat of willpower (ally target, 100% to hit)
The searing ray hits the fungus!
The fungus begins to die.
The searing ray hits Gastronok! (Press . to maintain the ray.)
Your fulminant prism crackles loudly. 😎 MP[-2]
You lost 2 mp, and now have 27/32 mp.
Casting: Searing Ray (safe; 1% risk of failure)
Confirm with . or Enter, or press ? or * to list all spells.
Aiming: Inner Flame (dangerous; 2% risk of failure)
Press: ? - help, Dir - move target, f/p - Gastronok
Aim: Gastronok, wearing a +2 hat of willpower (lightly wounded, ally target, chance to affect: 12%) Gastronok is filled with an intense inner flame!
Gastronok mumbles some strange words.
The blast of energy engulfs Gastronok!!
Flame seeps out of Gastronok.
The blast of energy engulfs the fungus!!
The blast of energy engulfs the rat!
You kill the rat!
The rat's corpse disappears in a puff of smoke!
The blast of energy engulfs the bat!!
You kill the bat!
The bat's corpse disappears in a puff of smoke! 😎 MP[-2]
You lost 2 mp, and now have 25/32 mp.
Casting: Inner Flame (dangerous; 2% risk of failure)
Confirm with . or Enter, or press ? or * to list all spells.
Aiming: Searing Ray (safe; 1% risk of failure)
Press: ? - help, Shift-Dir - straight line, f/p - Gastronok
Aim: Gastronok, wearing a +2 hat of willpower (flame, moderately wounded, inner flame, 100% to hit)
The searing ray hits the fungus!
The searing ray hits Gastronok!
Flame seeps out of Gastronok. (Press . to maintain the ray.) 😎 MP[-2]
You lost 2 mp, and now have 23/32 mp.
Casting: Searing Ray (safe; 1% risk of failure)
Confirm with . or Enter, or press ? or * to list all spells.
Aiming: Fulminant Prism (dangerous; 1% risk of failure)
Press: ? - help, Dir - move target, p - Gastronok You conjure a prism of explosive energy!
A fulminant prism comes into view.
Gastronok is engulfed in blazing flames.
Flame seeps out of Gastronok. 😎 MP[-3]
You lost 3 mp, and now have 20/32 mp.
Casting: Fulminant Prism (dangerous; 1% risk of failure)
Confirm with . or Enter, or press ? or * to list all spells.
Aiming: Searing Ray (safe; 1% risk of failure)
Press: ? - help, Shift-Dir - straight line, f - Gastronok
Aim: Gastronok, wearing a +2 hat of willpower (heavily wounded, inner flame, ally target, 100% to hit)
The searing ray hits Gastronok!
Flame seeps out of Gastronok. (Press . to maintain the ray.)
A nearby fungus withers and dies.
Your fulminant prism crackles loudly. 😎 MP[-1]
You lost 1 mp, and now have 19/32 mp.
The searing ray hits Gastronok!
Flame seeps out of Gastronok.
Gastronok is engulfed in blazing flames.
Flame seeps out of Gastronok.
Gastronok gurgles, "I'll eat you, I will!" 😎 MP[-1]
You lost 1 mp, and now have 18/32 mp. 😎 MP[+1]
Casting: Searing Ray (safe; 1% risk of failure)
Confirm with . or Enter, or press ? or * to list all spells.
Aiming: Searing Ray (safe; 1% risk of failure)
Press: ? - help, Shift-Dir - straight line, p - Gastronok
Okay, then.
Casting: Searing Ray (safe; 1% risk of failure)
Confirm with . or Enter, or press ? or * to list all spells.
Aiming: Fulminant Prism (dangerous; 1% risk of failure)
Press: ? - help, Dir - move target, p - Gastronok You conjure a prism of explosive energy!
A fulminant prism comes into view.
Gastronok waves his eye-stalks in wide circles.
The air twists around and strikes you!!
Ouch! That really hurt!
* * * LOW HITPOINT WARNING * * *
😨 HP[-31] MP[-4]
You take 31 damage, and now have 23/54 hp.
MASSIVE DAMAGE!! (PAUSE)
You lost 4 mp, and now have 15/32 mp.
Casting: Fulminant Prism (dangerous; 1% risk of failure)
Confirm with . or Enter, or press ? or * to list all spells.
Aiming: Searing Ray (safe; 1% risk of failure)
Press: ? - help, Shift-Dir - straight line, f - Gastronok
Aim: Gastronok, wearing a +2 hat of willpower (severely wounded, inner flame, ally target, 100% to hit)
The searing ray hits Gastronok!
Flame seeps out of Gastronok. (Press . to maintain the ray.)
Your fulminant prism crackles loudly. 😨 MP[-1]
You lost 1 mp, and now have 14/32 mp.
The searing ray hits Gastronok.
Flame seeps out of Gastronok.
Gastronok is engulfed in blazing flames.
Flame seeps out of Gastronok.
The blast of energy engulfs Gastronok!
The fiery explosion engulfs you!!!
Ouch! That really hurt!
You die...
Your body crumbles into a pile of gold.

Skill      XL: |  1  2  3  4  5  6  7  8  9 10 11 12 |
---------------+-------------------------------------+-----
Conjurations   | 3 4 5 6 7 8 9 10 | 10.1
Spellcasting   | 3 4 6 7 9 10 12 14 15 | 15.2
Dodging        | 3 4 5 6 |  6.3
Stealth        | 4 5 |  5.6
Translocations | 4 7 10 12 13 | 13.0
Fighting       | 1 |  1.8
Hexes          | 2 4 |  4.2
Fire Magic     | 1 |  1.6
Poison Magic   | 3 |  3.0
Air Magic      | |  0.6

Action                   |  1- 3 |  4- 6 |  7- 9 | 10-12 || total
-------------------------+-------+-------+-------+-------++-------
 Cast: Magic Dart        |    50 |    80 |    83 |   186 ||   399
       Searing Ray       |    17 |    33 |    79 |   122 ||   251
       Iskenderun's Myst |       |       |       |   135 ||   135
       Fulminant Prism   |       |       |       |    33 ||    33
       Sticky Flame      |       |       |       |     1 ||     1
       Inner Flame       |       |       |       |    12 ||    12
  Use: Scroll            |       |     2 |     8 |    10 ||    20
       Potion            |       |       |       |     1 ||     1
Armor: Robe              |       |     4 |    13 |    27 ||    44
       Steam dragon scal |       |       |       |     1 ||     1
Dodge: Dodged            |     3 |    13 |    93 |   114 ||   223

Levels and vault maps discovered:
D:1:      nicolae_arrival_memento_mori, layout_basic, minmay_hexomino_p4
D:2:      layout_basic
D:3:      layout_loops_corners, kennysheep_boxes, uniq_robin
D:4:      layout_basic, minmay_temple_entry_crystal_x, serial_shops,
          nicolae_square_shop, minmay_misc_feat_rows, chequers_garden,
          minmay_pentangle
D:5:      layout_loops_cross, uniq_pikel, uniq_grinder, uniq_prince_ribbit1
D:6:      layout_basic, serial_shops, kennysheep_little_box,
          minmay_misc_feat_square, minmay_microvault
D:7:      layout_loops_corners, gammafunk_temple_overflow_forgotten,
          uniq_crazy_yiuf_cottage
D:8:      layout_cave_pods, nrook_loot_triangle, uniq_joseph
D:9:      layout_loops_ring, uniq_erolcha, uniq_grum
D:10:     layout_roguey, vehumet_statue, xom_butterflies, zombieorc2_lemuel
D:11:     layout_gridville, due_lair_maze_entry_diamond,
          nicolae_gozag_seed_capital, uniq_sonja, uniq_psyche
Temple:   minmay_crystal_spiral_temple
Lair:1:   layout_misc_corridors
Lair:2:   layout_cave_shapes, serial_bayou_crossing
Lair:3:   layout_loops_ring, minmay_shoals_entry_lonely_mermaid,
          dummy_snake_entry, minmay_lair_oklob_bushes, uniq_gastronok,
          uniq_nergalle

Notes
Turn   | Place    | Note
-------+----------+-------------------------------------------
     0 | D:1      | mortz the Spriggan Conjurer began the quest for the Orb.
     0 | D:1      | Reached XP level 1. HP: 9/9 MP: 5/5
     0 | D:1      | magus.rc [v1.9.6]
    11 | D:1      | Reached skill level 3 in Conjurations
   278 | D:1      | Reached XP level 2. HP: 13/13 MP: 4/6
   281 | D:1      | Learned a level 2 spell: Searing Ray
   543 | D:1      | Reached skill level 3 in Spellcasting
  1464 | D:2      | Reached XP level 3. HP: 16/16 MP: 4/8
  1936 | D:2      | You pick up a book of Cantrips and begin reading...
  1936 | D:2      | You add the spells Animate Skeleton, Summon Small Mammal
                  | and Apportation to your library.
  2119 | D:2      | Reached XP level 4. HP: 21/21 MP: 2/10
  2258 | D:2      | Reached skill level 4 in Conjurations
  2326 | D:2      | You fall into a shaft and drop 1 floor!
  2582 | D:2      | Reached skill level 3 in Dodging
  2951 | D:3      | Reached skill level 4 in Spellcasting
  2976 | D:3      | Reached XP level 5. HP: 9/24 MP: 2/12
  3159 | D:3      | You pick up a book of Misfortune and begin reading...
  3159 | D:3      | You add the spells Confusing Touch, Yara's Violent
                  | Unravelling and Enfeeble to your library.
  3823 | D:3      | Noticed Robin
  4131 | D:3      | Killed Robin
  4132 | D:3      | Reached skill level 4 in Stealth
  4132 | D:3      | Reached XP level 6. HP: 18/28 MP: 6/14
  4748 | D:4      | Reached skill level 5 in Spellcasting
  4974 | D:4      | Reached skill level 6 in Spellcasting
  4974 | D:4      | Reached skill level 5 in Conjurations
  4974 | D:4      | Reached XP level 7. HP: 29/32 MP: 6/17
  5100 | D:4      | Found a staircase to the Ecumenical Temple.
  5167 | Temple   | Entered the Ecumenical Temple
  5440 | D:4      | Found Empoz's Jewellery Shoppe.
  5711 | D:3      | Reached skill level 7 in Spellcasting
  5973 | D:4      | Identified the +2 quarterstaff "Fuoshrecad" {spect, rPois
                  | Stlth+}
  6076 | D:4      | Reached skill level 5 in Stealth
  6219 | D:4      | Reached XP level 8. HP: 37/37 MP: 8/20
  6220 | D:4      | Reached skill level 1 in Translocations
  6473 | D:5      | Entered Level 5 of the Dungeon
  6528 | D:4      | Reached skill level 4 in Dodging
  6580 | D:5      | Reached skill level 2 in Translocations
  6711 | D:5      | Reached skill level 8 in Spellcasting
  6805 | D:5      | Noticed Prince Ribbit
  6905 | D:5      | Noticed Grinder
  6942 | D:5      | Reached skill level 6 in Conjurations
  7002 | D:5      | Noticed Pikel
  7155 | D:5      | You pick up a book of Changes and begin reading...
  7155 | D:5      | You add the spells Beastly Appendage, Wereblood and Spider
                  | Form to your library.
  7236 | D:5      | HP: 9/37 [Pikel/+2 whip of flaming (2)]
  7317 | D:5      | Identified a scroll of acquirement
  7317 | D:5      | Acquired 984 gold pieces
  7320 | D:5      | Killed Pikel
  7321 | D:5      | Reached skill level 1 in Fighting
  7321 | D:5      | Reached skill level 9 in Spellcasting
  7321 | D:5      | Reached skill level 4 in Translocations
  7403 | D:4      | Bought a +4 ring of protection for 468 gold pieces
  7580 | D:5      | Reached XP level 9. HP: 41/41 MP: 9/23
  8230 | D:5      | Killed Prince Ribbit
  8231 | D:5      | Reached skill level 5 in Dodging
  8231 | D:5      | Reached skill level 5 in Translocations
  8372 | D:5      | Killed Grinder
  8373 | D:5      | Reached skill level 10 in Spellcasting
  8751 | D:6      | Reached skill level 7 in Conjurations
  8883 | D:6      | You pick up a book of Blood and begin reading...
  8883 | D:6      | You add the spells Sublimation of Blood and Summon Hydra to
                  | your library.
  8889 | D:6      | Learned a level 4 spell: Iskenderun's Mystic Blast
  8891 | D:6      | Learned a level 1 spell: Apportation
  9104 | D:6      | Reached skill level 6 in Translocations
  9343 | D:6      | Found Iskob Ick's Book Shoppe.
  9989 | D:7      | Reached skill level 7 in Translocations
 10302 | D:7      | Found a glowing golden altar of the Shining One.
 10302 | D:7      | Found a basalt altar of Yredelemnul.
 10302 | D:7      | Found a hazy altar of Hepliaklqana.
 10305 | D:7      | magus.rc [v1.9.6]
 10320 | D:7      | Reached XP level 10. HP: 46/46 MP: 19/25
 10371 | D:7      | Reached skill level 11 in Spellcasting
 10497 | D:7      | Found a runed translucent door.
 10498 | D:7      | Noticed Crazy Yiuf
 10632 | D:7      | You add the spells Conjure Flame, Ignite Poison and Sticky
                  | Flame to your library.
 10654 | D:7      | You pick up a book of Party Tricks and begin reading...
 11234 | D:7      | Noticed a cyclops
 11263 | D:7      | Killed a cyclops
 11425 | D:7      | Killed Crazy Yiuf
 11968 | D:8      | Noticed Joseph
 12645 | D:9      | Reached skill level 8 in Translocations
 12668 | D:9      | Reached skill level 8 in Conjurations
 12781 | D:9      | Reached skill level 12 in Spellcasting
 12958 | D:9      | Noticed Grum
 13309 | D:8      | Reached skill level 9 in Translocations
 13479 | D:9      | Noticed a smoke demon
 13480 | D:9      | Reached skill level 6 in Dodging
 13611 | D:9      | Killed Grum
 13727 | D:9      | Reached skill level 10 in Translocations
 14006 | D:9      | Identified the +2 plate armour of Dacar {Will+}
 14040 | D:9      | You pick up a book of Spectacle and begin reading...
 14154 | D:9      | Noticed Erolcha
 14212 | D:9      | You pick up a book of Touch and begin reading...
 14212 | D:9      | You add the spells Static Discharge and Dispel Undead to
                  | your library.
 14294 | D:9      | Reached XP level 11. HP: 50/50 MP: 17/28
 14347 | D:9      | Identified the +1 robe of the End {rCorr Str+4 Int+2 Dex+3}
 14363 | D:9      | Learned a level 3 spell: Conjure Flame
 14363 | D:9      | magus.rc [v1.9.6]
 14368 | D:9      | Learned a level 4 spell: Sticky Flame
 14372 | D:9      | Learned a level 3 spell: Ignite Poison
 14709 | D:10     | Entered Level 10 of the Dungeon
 15433 | D:10     | Found a staircase to the Orcish Mines.
 15435 | D:10     | Found a shimmering altar of Xom.
 15532 | D:10     | Reached skill level 11 in Translocations
 15558 | D:10     | Found a radiant altar of Vehumet.
 15575 | D:10     | Learned a level 4 spell: Fulminant Prism
 15845 | Temple   | Became a worshipper of Gozag Ym Sagoz the Greedy
 16046 | D:8      | Killed Joseph
 16047 | D:8      | Reached skill level 13 in Spellcasting
 16471 | D:10     | Noticed a two-headed ogre
 16477 | D:10     | Killed a two-headed ogre
 16796 | D:11     | Noticed Psyche
 16907 | D:11     | Noticed an eight-headed hydra
 16908 | D:11     | Reached skill level 1 in Hexes
 16951 | D:11     | Killed an eight-headed hydra
 16952 | D:11     | Reached skill level 9 in Conjurations
 16952 | D:11     | Noticed Sonja
 17011 | D:11     | Killed Sonja
 17114 | D:11     | Reached skill level 2 in Hexes
 17187 | D:11     | Found a staircase to the Lair.
 17223 | D:11     | You pick up a book of Pain and begin reading...
 17223 | D:11     | You add the spells Pain, Agony and Excruciating Wounds to
                  | your library.
 17246 | D:11     | Found an opulent altar of Gozag.
 17331 | D:11     | Noticed a cyan ugly thing
 17336 | D:11     | Killed a cyan ugly thing
 17337 | D:11     | Reached skill level 14 in Spellcasting
 17337 | D:11     | Reached skill level 12 in Translocations
 17363 | D:11     | Killed Psyche
 17363 | D:11     | HP: 7/50 [centaur/arrow (13)]
 18405 | D:6      | Bought a book of Minor Magic for 216 gold pieces
 18405 | D:6      | You pick up a book of Minor Magic and begin reading...
 18405 | D:6      | You add the spells Call Imp and Mephitic Cloud to your
                  | library.
 18409 | D:6      | Learned a level 3 spell: Mephitic Cloud
 18484 | Lair:1   | Entered Level 1 of the Lair of Beasts
 18499 | Lair:1   | Reached XP level 12. HP: 54/54 MP: 20/31
 18586 | Lair:1   | You pick up a book of Hexes and begin reading...
 18586 | Lair:1   | You add the spells Inner Flame, Cause Fear and Discord to
                  | your library.
 18591 | Lair:1   | Learned a level 3 spell: Inner Flame
 18695 | Lair:1   | Noticed an eight-headed hydra
 18707 | Lair:1   | Killed an eight-headed hydra
 18707 | Lair:1   | HP: 2/54 [cloud of flame (15)]
 18708 | Lair:1   | Reached skill level 1 in Fire Magic
 19320 | Lair:1   | Noticed an eight-headed hydra
 19325 | Lair:1   | Killed an eight-headed hydra
 19326 | Lair:1   | Reached skill level 3 in Hexes
 19404 | Lair:1   | Identified the +3 robe of Minor Irritation {*Corrode rElec
                  | Str+4 Dex+5}
 19517 | Lair:1   | magus.rc [v1.9.6]
 19657 | Lair:2   | Noticed a five-headed hydra
 19821 | Lair:2   | Reached skill level 10 in Conjurations
 20042 | Lair:2   | You pick up a book of Decay and begin reading...
 20042 | Lair:2   | You add the spells Corpse Rot and Death Channel to your
                  | library.
 20132 | Lair:2   | Reached skill level 15 in Spellcasting
 20134 | Lair:2   | Reached skill level 1 in Poison Magic
 20373 | Lair:3   | You pick up a book of Storms and begin reading...
 20373 | Lair:3   | You add the spells Airstrike, Summon Lightning Spire and
                  | Lightning Bolt to your library.
 20394 | Lair:3   | Reached skill level 2 in Poison Magic
 20398 | Lair:3   | Reached skill level 4 in Hexes
 20502 | Lair:3   | Found a staircase to the Shoals.
 20583 | Lair:3   | Found a staircase to the Snake Pit.
 20618 | Lair:3   | Noticed Nergalle
 20620 | Lair:3   | HP: 7/50 [Nergalle/bolt of negative energy (43)]
 20628 | Lair:3   | Killed Nergalle
 20629 | Lair:3   | Reached skill level 13 in Translocations
 20629 | Lair:3   | Reached skill level 3 in Poison Magic
 20631 | Lair:3   | Noticed Gastronok
 20806 | Lair:3   | Killed Gastronok
 20806 | Lair:3   | Killed by an exploding Gastronok... ignited by their inner
                  | flame

Vanquished Creatures
  Gastronok (Lair:3)
  3 hydras
  A two-headed ogre (D:10)
  Nergalle (Lair:3)
  Sonja (D:11)
  Pikel (D:5)
  A cyclops (D:7)
  An ugly thing (D:11)
  A manticore (D:11)
  Joseph (D:8)
  A merfolk siren (Lair:3)
  5 cane toads
  Psyche (D:11)
  A kobold demonologist (D:9)
  2 komodo dragons
  2 polar bears
  Grinder (D:5)
  Prince Ribbit (D:5)
  3 trolls
  5 blink frogs (Lair:2)
  A hornet (D:8)
  21 yaks
  A wraith (D:7)
  2 shadows
  A basilisk (Lair:2)
  Grum (D:9)
  A vampire mosquito (D:6)
  2 steam dragons (D:9)
  11 water moccasins
  5 black bears
  4 orc warriors
  3 sky beasts
  A necrophage (D:4)
  5 ogres
  7 wolves
  7 centaurs
  4 phantoms
  A lemure (D:5)
  2 kobold brigands (D:9)
  5 bullfrogs
  A gnoll sergeant (D:7)
  A wyvern zombie (D:8)
  2 scorpions
  5 troll zombies (D:10)
  A water moccasin skeleton (D:4)
  6 wights
  14 killer bees
  2 bullfrog zombies
  3 centaur zombies
  5 hounds
  A gnoll shaman (D:8)
  10 orc priests
  2 bullfrog skeletons
  Crazy Yiuf (D:7)
  4 iguanas
  16 orc wizards
  A killer bee zombie (D:8)
  3 ogre zombies (D:10)
  A hound zombie (D:5)
  2 hound skeletons
  Robin (D:3)
  13 gnolls
  6 adders
  2 shadow imps (D:6)
  An ufetubus (D:5)
  3 dart slugs
  45 orcs
  8 ball pythons
  8 endoplasms
  8 giant cockroaches
  14 goblins
  8 hobgoblins
  4 jackals
  5 quokkas
  5 bats
  5 frilled lizards
  2 goblin skeletons (D:10)
  2 goblin zombies (D:10)
  2 hobgoblin skeletons (D:10)
  4 hobgoblin zombies (D:10)
  19 kobolds
  An orc skeleton (D:10)
  14 orc zombies (D:10)
  9 rats
  A butterfly (D:10)
390 creatures vanquished.

Vanquished Creatures (others)
  A bush (Lair:3)
  33 fulminant prisms
  32 fungi
  32 plants
98 creatures vanquished.

Grand Total: 488 creatures vanquished

Table legend:
 A = Non-vault XP
 B = Vault XP
 C = Vault XP percentage of total XP
 D = Non-vault monster count
 E = Vault monster count
 F = Vault count percentage of total count
                 A         B        C        D         E       F
            +---------+---------+-------+---------+---------+-------
      Total |   25793 |    9021 |  25.9 |     302 |      86 |  22.2
            +---------+---------+-------+---------+---------+-------
        D:1 |      32 |       5 |  13.5 |      20 |       3 |  13.0
        D:2 |     131 |       0 |   0.0 |      27 |       0 |   0.0
        D:3 |     326 |      38 |  10.4 |      31 |      13 |  29.5
        D:4 |     668 |     507 |  43.1 |      23 |      11 |  32.4
        D:5 |     971 |    1270 |  56.7 |      18 |       3 |  14.3
        D:6 |     716 |     184 |  20.4 |      14 |       1 |   6.7
        D:7 |    1983 |      37 |   1.8 |      22 |       1 |   4.3
        D:8 |    1333 |     475 |  26.3 |      21 |       1 |   4.5
        D:9 |    2623 |     429 |  14.1 |      42 |       3 |   6.7
       D:10 |    2857 |     859 |  23.1 |      23 |      36 |  61.0
       D:11 |    3710 |    2433 |  39.6 |      20 |      11 |  35.5
     Lair:1 |    4002 |       0 |   0.0 |      12 |       0 |   0.0
     Lair:2 |    5121 |       0 |   0.0 |      24 |       0 |   0.0
     Lair:3 |    1320 |    2784 |  67.8 |       5 |       3 |  37.5
            +---------+---------+-------+---------+---------+-------

Illustrated notes

Table legend:
 A = Kills in this place as a percentage of kills in entire the game.
 B = Kills by you in this place as a percentage of kills by you in the entire game.
 C = Kills by friends in this place as a percentage of kills by friends in the entire game.
 D = Other kills in this place as a percentage of other kills in the entire game.
 E = Experience gained in this place as a percentage of experience gained in the entire game.
 F = Experience gained in this place divided by the number of levels of this place that you have seen.
                   A       B       C       D       E      F
               +-------+-------+-------+-------+-------+----------------------
         Total | 100.0 | 100.0 |   N/A |   N/A | 100.0 | 2320.9
       Dungeon |  88.7 |  88.7 |   N/A |   N/A |  62.0 | 1962.5
          Lair |  11.3 |  11.3 |   N/A |   N/A |  38.0 | 4409.0
               +-------+-------+-------+-------+-------+----------------------

Table legend: (Time is in decaauts)
 A = Elapsed time spent in this place.
 B = Non-inter-level travel time spent in this place.
 C = Inter-level travel time spent in this place.
 D = Time resting spent in this place.
 E = Time spent auto-exploring this place.
 F = Levels seen in this place.
 G = Mean time per level.
                   A        B        C        D        E       F      G
               +--------+--------+--------+--------+--------+-----+--------+
         Total |  16576 |  15613 |    963 |   5346 |   7463 |  15 | 1105.1 |
       Dungeon |  14330 |  13499 |    831 |   4361 |   6720 |  11 | 1302.7 |
        Temple |    303 |    172 |    131 |     80 |     66 |   1 |  303.0 |
          Lair |   1941 |   1941 |      0 |    904 |    676 |   3 |  647.0 |
               +--------+--------+--------+--------+--------+-----+--------+

Top non-repeatable levels by time:
     D:8: 1945 daAuts
     D:3: 1669 daAuts
     D:5: 1428 daAuts
     D:4: 1411 daAuts
     D:7: 1351 daAuts
     D:9: 1226 daAuts
     D:1: 1189 daAuts
  Lair:1: 1130 daAuts
    D:11: 1086 daAuts
    D:10: 1063 daAuts
     D:6: 998 daAuts
     D:2: 960 daAuts
  Lair:2: 419 daAuts
  Lair:3: 391 daAuts
  Temple: 303 daAuts
